 Dungeon Crawl Stone Soup version 0.30-b1-2-g02819fbbbe (webtiles) character file.

Game seed: 929824712519796706

571249 LLlMATKO the Conqueror (level 25, -5/385 HPs)
             Began as a Minotaur Berserker on May 29, 2023.
             Was a High Priest of Trog.
             Killed by divine providence
             ... invoked by a royal mummy
              (15 damage)
             ... on level 1 of the Tomb of the Ancients.
             The game lasted 01:30:15 (49910 turns).

LLlMATKO the Conqueror (Minotaur Berserker)        Turns: 49910, Time: 01:30:16

Health: -5/385     AC: 46    Str: 33 (35) XL:     25   Next: 64%
Magic:  10/10      EV: 20    Int:  5      God:    Trog [*****.]
Gold:   6824       SH: 41    Dex: 26      Spells: 24/24 levels left

rFire   + . .        z - +16 consecrated labrys {holy, Valiant Fragile Fly SInv}
rCold   + + +        t - +18 shield of the Gong {Loud rN+ Will+ rCorr EV-5}
rNeg    + . .        b - +9 gold dragon scales of Leaves {rElec rPois rF+ rC+ Int+3}
rPois   +            x - +0 hat of Autumn {rPois rF- rCorr Dex+2}
rElec   +            H - +1 cloak of Taocim {Will++ Regen+ MP-9 SInv}
rCorr   +            S - +2 pair of gloves {Str+3}
SInv    +            U - +2 pair of boots "Tuylebis" {rC+ Dex+6 Stlth-}
Will    +++++        w - amulet of reflection Stlth
                     G - ring of protection from fire
HPRegen 2.64/turn    T - ring of the Barracuda {rElec rPois rC+ Str+3 Dex+3}
MPRegen 0.12/turn

%: reflection
@: berserking, lethally poisoned (-5 -> -5), strong-willed, flying,
regenerating, slowed, studying Polearms
A: horns 2, retaliatory headbutt, deterioration 1, dopey 1, low MP 1
}: 3/15 runes: decaying, silver, gossamer
a: Renounce Religion, Berserk, Trog's Hand, Brothers in Arms


You were on level 1 of the Tomb of the Ancients.
You worshipped Trog.
Trog was extremely pleased with you.
You visited 10 branches of the dungeon, and saw 46 of its levels.
You visited 1 bazaar.
You also visited: Bailey, Gauntlet and Ice Cave.

You collected 9983 gold pieces.
You spent 3159 gold pieces at shops.

Inventory:

Hand Weapons
 q - the +6 sling "Transmigrator" {elec, Will+ Int-2 Dex+5}
   (You found it on level 5 of the Lair of Beasts)

   Int:       It affects your intelligence (-2).
   Dex:       It affects your dexterity (+5).
   Will:      It increases your willpower.
 z - the +16 consecrated labrys (weapon) {holy, Valiant Fragile Fly SInv}
   (You took it off a deep elf annihilator on level 3 of the Elven Halls)

   Valiant:   It becomes more powerful as more dangerous foes come into view.
   SInv:      It lets you see invisible.
   Fly:       It grants you flight.
   Fragile:   It will be destroyed if unequipped.
Missiles
 g - 15 datura-tipped darts (quivered)
 j - 21 curare-tipped darts
 Y - 6 throwing nets
Armour
 a - the +2 cloak of Autumn {+Inv rElec rPois Will-}
   (You found it on level 2 of the Dungeon)

   rElec:     It insulates you from electricity.
   rPois:     It protects you from poison.
   +Inv:      It lets you turn invisible.
   Will:      It decreases your willpower.
 b - the +9 gold dragon scales of Leaves (worn) {rElec rPois rF+ rC+ Int+3}
   (You found it on level 5 of the Vaults)

   Int:       It affects your intelligence (+3).
   rF:        It protects you from fire.
   rC:        It protects you from cold.
   rElec:     It insulates you from electricity.
   rPois:     It protects you from poison.
 t - the +18 shield of the Gong (worn) {Loud rN+ Will+ rCorr EV-5}
   (You bought it in a shop on level 2 of the Orcish Mines)

   Loud:      It is deafeningly noisy when blocking attacks.
   EV:        It affects your evasion (-5).
   rN:        It protects you from negative energy.
   rCorr:     It protects you from acid and corrosion.
   Will:      It increases your willpower.
 x - the +0 hat of Autumn (worn) {rPois rF- rCorr Dex+2}
   (You found it on level 5 of the Vaults)

   Dex:       It affects your dexterity (+2).
   rF:        It makes you vulnerable to fire.
   rPois:     It protects you from poison.
   rCorr:     It protects you from acid and corrosion.
 H - the +1 cloak of Taocim (worn) {Will++ Regen+ MP-9 SInv}
   (You found it on level 1 of the Lair of Beasts)

   MP:        It affects your magic capacity (-9).
   SInv:      It lets you see invisible.
   Regen:     It increases your rate of health regeneration.
   Will:      It greatly increases your willpower.
 N - the +10 plate armour "Tempijae" {Rampage +Inv Str+5}
   (You found it on level 1 of the Elven Halls)

   Str:       It affects your strength (+5).
   +Inv:      It lets you turn invisible.
   Rampage:   It bestows one free step when moving towards enemies.
 S - a +2 pair of gloves of strength (worn)
 U - the +2 pair of boots "Tuylebis" (worn) {rC+ Dex+6 Stlth-}
   (You found it on level 1 of the Crypt)

   Dex:       It affects your dexterity (+6).
   rC:        It protects you from cold.
   Stlth:     It makes you less stealthy.
Jewellery
 e - the dreamshard necklace {*Dream Drain}
   (You took it off a deep elf annihilator on level 3 of the Elven Halls)

   [amulet of nothing]

   *Dream:    It shatters if its wearer takes lethal or near-lethal damage,
   preventing the blow and releasing protective dreams that heal and fight for
   the wearer.
   Drain:     It drains your maximum health when unequipped.
 u - the ring of Zomuir {Fire Fly rElec Str-3}
   (You found it on level 1 of the Crypt)

   [ring of fire]

   It enhances your fire magic.
   Str:       It affects your strength (-3).
   rF:        It protects you from fire.
   rC:        It makes you vulnerable to cold.
   rElec:     It insulates you from electricity.
   Fly:       It grants you flight.
 w - an amulet of reflection (around neck)
 G - a ring of protection from fire (left hand)
 I - the amulet of Jaen Haule {Spirit Dex+3}
   (You found it on level 5 of the Vaults)

   [amulet of guardian spirit]

   It causes incoming damage to be divided between your reserves of health and
   magic.
   Dex:       It affects your dexterity (+3).
 J - the amulet of Meixt {Spirit Int+2}
   (You found it on level 4 of the Lair of Beasts)

   [amulet of guardian spirit]

   It causes incoming damage to be divided between your reserves of health and
   magic.
   Int:       It affects your intelligence (+2).
 Q - the ring of the Rose {+Blink rC+ EV+5 Str+3}
   (You found it in a Gauntlet)

   [ring of evasion]

   EV:        It affects your evasion (+5).
   Str:       It affects your strength (+3).
   rC:        It protects you from cold.
   +Blink:    It lets you blink.
 R - the ring "Zyaniguc" {*Slow rF+ rN+ rCorr}
   (You found it on level 2 of the Depths)

   [ring of protection from fire]

   rF:        It protects you from fire.
   rN:        It protects you from negative energy.
   rCorr:     It protects you from acid and corrosion.
   *Slow:     It may slow you when you take damage.
 T - the ring of the Barracuda (right hand) {rElec rPois rC+ Str+3 Dex+3}
   (You took it off a deep elf annihilator on level 3 of the Elven Halls)

   [ring of poison resistance]

   Str:       It affects your strength (+3).
   Dex:       It affects your dexterity (+3).
   rC:        It protects you from cold.
   rElec:     It insulates you from electricity.
   rPois:     It protects you from poison.
 V - the amulet of Ezahy {Spirit Str+2 Stlth+}
   (You found it on level 2 of the Depths)

   [amulet of guardian spirit]

   It causes incoming damage to be divided between your reserves of health and
   magic.
   Str:       It affects your strength (+2).
   Stlth:     It makes you more stealthy.
Wands
 h - a wand of digging (12)
 k - a wand of acid (29)
 y - a wand of charming (61)
 D - a wand of flame (118)
 L - a wand of iceblast (58)
 W - a wand of mindburst (13)
 X - a wand of polymorph (22)
Scrolls
 c - 35 scrolls of identify
 d - 6 scrolls of immolation
 p - 5 scrolls of fog
 s - 5 scrolls of fear
 v - 11 scrolls of enchant weapon
 A - 3 scrolls of enchant armour
 E - 35 scrolls of teleportation
 F - 3 scrolls of blinking
 M - 2 scrolls of silence
 O - 5 scrolls of brand weapon
 Z - 2 scrolls of magic mapping
Potions
 f - 9 potions of ambrosia
 i - 11 potions of flight
 l - 23 potions of curing
 m - 5 potions of invisibility
 n - 4 potions of might
 o - 2 potions of resistance
 r - 5 potions of berserk rage
 B - 11 potions of cancellation
 C - 14 potions of heal wounds
 K - 9 potions of haste
 P - 10 potions of magic


   Skills:
 O Level 27 Fighting
 O Level 27 Axes
 - Level 14.0 Ranged Weapons
 + Level 25.2 Armour
 + Level 23.4 Dodging
 + Level 21.9 Shields


You had 24 spell levels left.
You didn't know any spells.
Your spell library was empty.

Dungeon Overview and Level Annotations

Branches:
Dungeon (15/15)            Temple (0/1) D:4            Lair (5/5) D:10
  Swamp (4/4) Lair:3       Spider (4/4) Lair:2        Slime (0/5) Lair:4
    Orc (2/2) D:12            Elf (3/3) Orc:2        Vaults (5/5) D:14
  Crypt (3/3) Vaults:3       Tomb (1/3) Crypt:3      Depths (4/4) D:15
    Zot (0/5) Depths:4     Bailey (visited)           IceCv (visited)
Gauntlet (visited)

Altars:
Cheibriados
Dithmenos
Hepliaklqana
Kikubaaqudgha
Qazlal
Sif Muna
Uskayaw
Xom
Lugonu

Shops:
D:8 :   Orc:2 ?([*=   Elf:3 =   Vaults:2 !   Vaults:4 :   Vaults:5 :?
Depths:4 [*[(

Portals:
Hell: Depths:1 Depths:2 Depths:3 Depths:4
Abyss: Depths:3 Depths:4
Pandemonium: Depths:2 Depths:4
Ziggurat: Depths:1
Bazaar: Depths:4

Annotations:
Depths:2 3 runed translucent doors


Innate Abilities, Weirdness & Mutations

You have a pair of horns on your head.
You reflexively headbutt those who attack you in melee.
Your body sometimes deteriorates upon taking damage.
You are dopey. (Int -2)
Your magical capacity is low. (-10% MP)


Message History

The mummy priest calls on the powers of darkness!
Your body is wracked with pain!
* * * LOW HITPOINT WARNING * * *
A mummy comes into view.
Unknown command.
Unknown command.
Unknown command.
You chop the royal mummy into pieces!!!
The royal mummy convulses!!!
The royal mummy is almost destroyed.
You slash the spectral ettin!
The spectral ettin convulses!
You destroy the spectral ettin!
The spectral ettin disappears in a puff of smoke!
You hit the guardian mummy but do no damage.
You feel sick.
The royal mummy gestures wildly while chanting.
You block the royal mummy's attack.
GONNNNG!
The ancient champion gestures wildly while chanting.
The ancient champion seems to speed up.
You block the orange demon's attack.
BOUMMMMG!
You block the guardian mummy's attack.
GONNNNG!
You hear a faint skittering sound. x4
Unknown command.
You slash the royal mummy!
The royal mummy convulses.
You headbutt the royal mummy!
The royal mummy is almost destroyed.
You slice the guardian mummy!!
The guardian mummy convulses!
You destroy the guardian mummy!
Trog accepts your kill.
You slice the mummy priest!!
The mummy priest convulses.
You feel extremely nervous for a moment...
You feel very uncomfortable.
You feel sick.
You hear a faint skittering sound.
You block the royal mummy's attack.
BOUMMMMG!
You block the orange demon's attack.
GONNNNG!
The royal mummy points at you and mumbles some strange words.
Something smites you!
You die...

,
...............,,,,,,,*
,
....................,,,*
,
.....................,,*
,
.......................#
⌠
.......................#
,
.......................#
,
.......4...............#
,
M....ZzM).)............#
,
M....ZM@.°?............#
,
B.....Z...)............#
,
##############...?.....#
, #.........# ,
#.........# #.........#
#.........# #.........#
#.........#


You could see 2 royal mummies, an ancient champion (fast), a mummy priest, an
orange demon (summoned), a death scarab (summoned, wandering), a mummy, a naga
warrior simulacrum (summoned), a nagaraja zombie (summoned) and a titan
skeleton.

Vanquished Creatures
  6 dread liches
  An ancient lich (Vaults:5)
  Mennas (Vaults:2)
  A juggernaut (Depths:3)
  2 royal mummies (Tomb:1)
  Sojobo (Vaults:2)
  Vv (Depths:3)
  The ghost of Ulecsuczon the Impregnable, a veteran MiGl of Hepliaklqana (Crypt:1)
  Boris (Crypt:1)
  Saint Roka (Elf:2)
  3 caustic shrikes (Depths:3)
  3 golden dragons
  The ghost of Imio the Warrior, an adept DgCj (Depths:1)
  Jory (Crypt:2)
  A bone dragon (Crypt:3)
  Arachne (Spider:3)
  Jorgrun (Spider:1)
  A shard shrike zombie (Crypt:1)
  A walking crystal tome (Depths:3)
  2 walking frostbound tomes (Depths:3)
  4 deep elf master archers (Elf:3)
  4 tentacled monstrosities
  A walking earthen tome (Depths:3)
  2 deep elf blademasters
  7 liches
  4 titans (Vaults:5)
  The ghost of Qymiext the Tortoise, an adept MiFi of Qazlal (Depths:3)
  16 sphinxes
  9 ancient champions
  9 shadow dragons
  12 tengu reavers
  Kirke (Swamp:4)
  4 thorn hunters
  Roxanne (Spider:1)
  17 vault wardens
  5 storm dragons
  Donald (Spider:1)
  2 fenstrider witches
  2 revenants
  7 frost giants
  8 fire giants
  5 ghost moths
  10 deep elf sorcerers
  5 emperor scorpions
  Louise (Spider:1)
  3 orc warlords
  A draconian shifter (Depths:4)
  2 iron dragons
  5 deep elf elementalists (Elf:3)
  7 ghouls
  2 angels (Depths:1)
  A draconian stormcaller (Depths:4)
  A spriggan defender (Depths:2)
  A draconian annihilator (Depths:4)
  24 very ugly things
  4 broodmothers
  A juggernaut skeleton (Crypt:3)
  8 ironbound thunderhulks
  4 war gargoyles
  A reaper (Depths:4)
  27 ironbound preservers
  4 vampire knights
  4 caustic shrike skeletons
  14 deep elf annihilators (Elf:3)
  12 stone giants
  7 eleionomae
  10 deep elf demonologists
  Nessos (D:14)
  A black draconian (Depths:4)
  Azrael (Orc:2)
  A minotaur (Gauntlet)
  8 bunyips
  A bunyip (shapeshifter) (Depths:3)
  A white draconian (Depths:4)
  17 dire elephants
  15 spark wasps
  A purple draconian (Depths:4)
  4 eidola
  A yellow draconian (Depths:4)
  A spark wasp (shapeshifter) (Vaults:5)
  2 mummy priests (Tomb:1)
  Snorg (Lair:3)
  7 deep elf death magi
  4 deep elf high priests
  An ettin (shapeshifter) (Vaults:4)
  10 fire dragons
  A crystal guardian (Vaults:4)
  9 jiangshi
  A shambling mangrove (Swamp:2)
  18 yaktaur captains
  15 ettins
  31 vault guards
  Josephine (Lair:3)
  Harold (D:9)
  8 entropy weavers
  5 great orbs of eyes
  2 ghost crabs
  8 hydras
  Erolcha (Orc:2)
  A peacekeeper (Vaults:4)
  6 spriggan air magi
  2 quicksilver dragon skeletons (Crypt:3)
  5 ogre magi
  A spriggan zombie (Crypt:1)
  8 ice dragons
  3 rakshasas
  6 death knights
  7 ironbound frosthearts
  4 jorogumos
  12 alligators
  5 catoblepae
  2 radroaches
  Erica (Lair:2)
  25 two-headed ogres
  13 boulder beetles
  11 centaur warriors
  6 tengu warriors
  5 deep troll shamans
  20 death yaks
  5 vampire magi
  4 deep troll earth magi
  12 spriggan berserkers
  25 dancing weapons
  2 orc high priests (Orc:2)
  A hell knight (Depths:2)
  2 sun demons (Depths:4)
  13 spriggans
  19 deep elf knights
  A soul eater (Crypt:3)
  Sonja (Orc:1)
  Amaemon (D:9)
  29 skeletal warriors
  A skyshark (Lair:3)
  5 titan skeletons (Crypt:3)
  5 pharaoh ants
  3 iron trolls
  A shadow wraith (Crypt:3)
  2 sixfirhies
  A salamander mystic (Depths:4)
  4 sun moths
  5 glowing orange brains
  A glowing orange brain (shapeshifter) (Vaults:5)
  2 spriggan druids
  3 goliath frogs
  59 deep trolls
  5 swamp dragons
  A ghost moth zombie (Crypt:1)
  A death drake (Swamp:4)
  An orange crystal statue (Elf:2)
  6 wizards
  7 lindwurms
  5 bog bodies
  8 flayed ghosts
  4 steelbarb worms
  An obsidian statue (Lair:4)
  6 necromancers
  6 phantasmal warriors
  18 ironbound convokers
  9 orc knights
  An iron giant skeleton (Crypt:3)
  2 anaconda skeletons (Crypt:3)
  5 orb spiders
  A harpy (shapeshifter) (D:13)
  11 deep elf archers
  21 wolf spiders
  An eleionoma zombie (Crypt:3)
  5 orc sorcerers
  29 deep elf pyromancers
  2 shadow dragon skeletons (Crypt:3)
  A cyclops (shapeshifter) (Vaults:5)
  A will-o-the-wisp (Swamp:4)
  21 deep elf zephyrmancers
  3 salamanders (Depths:4)
  7 cyclopes
  2 moths of wrath
  27 ugly things
  A shining eye (shapeshifter) (D:14)
  9 centaur zombies (D:12)
  2 black mambas
  9 manticores
  An alligator snapping turtle zombie (Crypt:1)
  Maurice (D:9)
  7 elephants
  3 ice statues
  3 centaur skeletons
  25 vault sentinels
  5 torpor snails
  An orange demon (D:9)
  2 naga skeletons
  A gargoyle (D:13)
  A catoblepas zombie (Crypt:1)
  10 demonic crawlers
  5 cane toads
  42 yaktaurs
  A rime drake (Lair:3)
  10 komodo dragons
  A shock serpent skeleton (Crypt:1)
  2 alligator snapping turtle skeletons
  A komodo dragon (shapeshifter) (Vaults:5)
  2 unseen horrors
  A kobold demonologist (D:9)
  A black draconian skeleton (Crypt:2)
  12 freezing wraiths
  A tengu conjurer (D:13)
  2 efreet
  2 yellow draconian skeletons
  9 guardian mummies (Tomb:1)
  4 ice devils
  A red devil (Depths:4)
  18 hornets
  2 trolls
  2 polar bears
  A hornet (shapeshifter) (D:13)
  4 harpy skeletons
  A moth of wrath zombie (Crypt:1)
  11 meliai
  10 tyrant leeches
  A harpy zombie (Crypt:1)
  11 tarantellas
  9 blink frogs (Lair:3)
  A hellwing (Depths:4)
  A meliai zombie (D:12)
  A spectral elephant (Lair:3)
  A fire dragon zombie (Crypt:1)
  A spectral black mamba (Lair:3)
  A black mamba zombie (Crypt:1)
  16 flying skulls (Tomb:1)
  A jumping spider (shapeshifter) (Vaults:4)
  5 vampires
  29 slime creatures
  4 air elementals
  19 culicivoras
  31 jumping spiders
  8 water elementals
  A dire elephant simulacrum (Crypt:1)
  A spriggan (shapeshifter) (Elf:1)
  5 shadows
  14 wraiths
  A centaur simulacrum (D:12)
  49 yaks
  6 wyverns
  4 ushabtiu (Tomb:1)
  2 black mamba skeletons
  8 fire elementals
  A spectral komodo dragon (Lair:3)
  3 basilisks
  3 hogs
  A fire bat (shapeshifter) (Vaults:5)
  A neqoxec (Gauntlet)
  A chaos spawn (Gauntlet)
  3 swamp worm simulacra (Swamp:4)
  61 redbacks
  14 vampire mosquitoes
  2 steam dragons (D:8)
  2 harpy simulacra
  12 swamp worms
  4 acid dragons
  2 naga zombies (Crypt:1)
  13 water moccasins
  A warg (Orc:1)
  2 hell hounds (Orc:2)
  13 hydra simulacra (Swamp:4)
  48 orc warriors
  A water moccasin (shapeshifter) (Elf:1)
  6 floating eyes
  A demonspawn skeleton (Crypt:2)
  A spectral polar bear (Lair:3)
  A deep troll skeleton (Crypt:3)
  4 swamp drakes (Swamp:4)
  2 black bears (Lair:4)
  2 sky beasts
  A swamp dragon zombie (Crypt:1)
  An ettin simulacrum (Crypt:1)
  An ice beast (D:6)
  4 boggarts
  12 ogres
  A dream sheep zombie (Crypt:2)
  3 centaurs
  A deep troll simulacrum (Vaults:1)
  5 wolves (Lair:2)
  A phantom (D:4)
  A snapping turtle skeleton (Crypt:2)
  12 bullfrogs
  4 kobold brigands
  A komodo dragon zombie (Crypt:3)
  4 gnoll sergeants
  A human skeleton (Vaults:4)
  A scorpion (D:4)
  2 earth elementals (Elf:1)
  5 necrophages
  A water moccasin zombie (Crypt:1)
  A cane toad simulacrum (IceCv)
  19 wights
  An elephant simulacrum (IceCv)
  2 jellies
  8 howler monkeys
  8 electric eels
  A bullfrog zombie (Crypt:3)
  A gnoll bouda (D:9)
  5 hounds
  A sleepcap (D:5)
  30 orc priests
  6 iguanas
  22 orc wizards
  A polar bear simulacrum (IceCv)
  A wolf simulacrum (IceCv)
  A tengu skeleton (Crypt:3)
  8 mummies (Tomb:1)
  28 gnolls
  8 adders
  A swamp drake skeleton (Crypt:2)
  A shadow imp (D:7)
  A white imp (D:7)
  7 ufetubi
  5 swamp drake simulacra (Swamp:4)
  An adder skeleton (Crypt:3)
  A worm (shapeshifter) (Depths:3)
  A worm (D:2)
  2 dart slugs
  105 orcs
  3 ball pythons
  9 endoplasms
  3 giant cockroaches
  7 goblins
  9 hobgoblins
  20 jackals
  7 quokkas
  10 bats
  An endoplasm zombie (Crypt:1)
  2 frilled lizards (D:1)
  A hobgoblin skeleton (Crypt:2)
  13 kobolds
  An orc skeleton (Crypt:2)
  4 rats
  A rat skeleton (Crypt:3)
  A river rat skeleton (Crypt:2)
  2 briar patches (Swamp:3)
  A spectral weapon (Orc:2)
2156 creatures vanquished.

Vanquished Creatures (collateral kills)
  An ancient lich (Crypt:1)
  Bai Suzhen (Crypt:2)
  The ghost of ryxuma the Executioner, a journeyman MiBe of Trog (Spider:4)
  2 emperor scorpions (Spider:4)
  An ironbound preserver (Vaults:3)
  A broodmother (Spider:3)
  An entropy weaver (Spider:1)
  A mummy priest (Tomb:1)
  2 ice dragons (Swamp:4)
  2 dancing weapons (Elf:2)
  An orc high priest (Elf:2)
  A deep elf knight (Elf:2)
  A glowing orange brain (Gauntlet)
  A lindwurm (Vaults:3)
  An ugly thing (IceCv)
  A wolf spider (Spider:1)
  2 deep elf pyromancers (Elf:2)
  An ice statue (IceCv)
  A vault sentinel (Vaults:3)
  A torpor snail (Spider:1)
  A demonic crawler (Spider:1)
  A tengu conjurer (D:13)
  An anaconda simulacrum (IceCv)
  3 meliai
  2 hornets (Spider:4)
  A tarantella (Spider:1)
  3 blink frogs (Lair:4)
  An air elemental (Elf:2)
  2 culicivoras (Spider:1)
  5 jumping spiders
  5 redbacks (Spider:1)
  A water moccasin (Lair:4)
  4 hydra simulacra
  3 orc warriors
  3 wolves (Lair:4)
  2 kobold brigands (Bailey)
  2 bullfrogs
  2 orc priests (D:7)
  2 orc wizards
  A polar bear simulacrum (IceCv)
  A wolf simulacrum (IceCv)
  A shadow imp (D:7)
  2 orcs
  2 goblins (D:7)
  3 kobolds (Bailey)
78 creatures vanquished.

Vanquished Creatures (others)
  A tengu reaver (Depths:3)
  A shambling mangrove (Swamp:4)
  A hydra (Swamp:4)
  An alligator (Swamp:3)
  A deep elf knight (Elf:2)
  A goliath frog (Swamp:3)
  5 bloated husks
  2 hornets (Swamp:4)
  A tyrant leech (Swamp:2)
  An air elemental (Elf:1)
  A spriggan (Swamp:3)
  A human (Swamp:4)
  A swamp worm (Swamp:3)
  3 orc wizards
  6 foxfires (Swamp:4)
  10 fungi
  35 plants
72 creatures vanquished.

Grand Total: 2306 creatures vanquished

Notes
Turn   | Place    | Note
-------+----------+-------------------------------------------
     0 | D:1      | LLlMATKO the Minotaur Berserker began the quest for the
                  | Orb.
     0 | D:1      | Reached XP level 1. HP: 19/19 MP: 0/0
    94 | D:1      | Reached XP level 2. HP: 26/27 MP: 1/1
   742 | D:2      | Reached ** piety under Trog
   748 | D:2      | Reached XP level 3. HP: 33/33 MP: 2/2
   878 | D:2      | Reached XP level 4. HP: 41/41 MP: 3/3
   910 | D:2      | Identified the +2 cloak of Autumn {+Inv rElec rPois Will-}
  1608 | D:3      | Found a shadowy altar of Dithmenos.
  2268 | D:4      | Noticed a scorpion
  2269 | D:4      | Noticed an ogre
  2274 | D:4      | Killed an ogre
  2274 | D:4      | Killed a scorpion
  2275 | D:4      | Reached skill level 5 in Fighting
  2275 | D:4      | Reached skill level 5 in Axes
  2275 | D:4      | Reached XP level 5. HP: 48/48 MP: 4/4
  2298 | D:4      | Reached XP level 6. HP: 56/56 MP: 5/5
  2598 | D:4      | Found a staircase to the Ecumenical Temple.
  2631 | D:4      | Reached *** piety under Trog
  2823 | D:4      | Reached XP level 7. HP: 38/62 MP: 6/6
  2826 | D:4      | Reached skill level 5 in Armour
  2888 | D:4      | Reached skill level 5 in Dodging
  3272 | D:5      | Entered Level 5 of the Dungeon
  3352 | D:5      | Reached **** piety under Trog
  3611 | D:5      | Reached XP level 8. HP: 71/71 MP: 7/7
  4346 | D:6      | Found a shimmering altar of Xom.
  4923 | D:7      | Reached XP level 9. HP: 81/81 MP: 8/8
  4937 | D:7      | Found a flagged portal.
  4949 | Bailey   | Entered a bailey
  5058 | Bailey   | Noticed an orc knight
  5059 | Bailey   | Found a bloodstained altar of Trog.
  5070 | Bailey   | Killed an orc knight
  5633 | D:8      | Found Haalyjin's Book Shoppe.
  6018 | D:8      | Found a snail-covered altar of Cheibriados.
  6018 | D:8      | Found a shimmering blue altar of Sif Muna.
  6131 | D:8      | Found a hide-covered altar of Uskayaw.
  6281 | D:9      | Noticed Harold
  6290 | D:9      | Killed Harold
  6291 | D:9      | Reached XP level 10. HP: 86/91 MP: 9/9
  6414 | D:9      | Noticed Maurice
  6429 | D:9      | Killed Maurice
  6782 | D:9      | Noticed a two-headed ogre
  6788 | D:9      | Reached skill level 10 in Axes
  6789 | D:9      | Killed a two-headed ogre
  6790 | D:9      | Reached skill level 10 in Fighting
  6797 | D:9      | Reached skill level 10 in Armour
  6868 | D:9      | Noticed a sixfirhy
  6875 | D:9      | Noticed a sixfirhy
  6884 | D:9      | Noticed a rust devil
  6971 | D:9      | Reached XP level 11. HP: 89/101 MP: 10/10
  7229 | D:9      | Noticed Amaemon
  7237 | D:9      | Killed Amaemon
  7785 | D:10     | Entered Level 10 of the Dungeon
  7828 | D:10     | Found a staircase to the Lair.
  7856 | D:10     | Noticed a two-headed ogre
  7864 | D:10     | Killed a two-headed ogre
  7865 | D:10     | Reached skill level 10 in Dodging
  8081 | D:10     | Reached ***** piety under Trog
  8167 | D:10     | Noticed a two-headed ogre
  8178 | D:10     | Killed a two-headed ogre
  8761 | D:11     | Found a gate leading to a gauntlet.
  8770 | Gauntlet | Entered a Gauntlet
  8770 | Gauntlet | Found a transporter.
  8770 | Gauntlet | Found a transporter.
  8770 | Gauntlet | Found a transporter.
  8771 | Gauntlet | Found a transporter.
  8773 | Gauntlet | Found a transporter.
  8775 | Gauntlet | Found a transporter.
  8776 | Gauntlet | Noticed a sixfirhy
  8777 | Gauntlet | Noticed a soul eater
  8784 | Gauntlet | Found a transporter.
  8784 | Gauntlet | Found a transporter.
  8785 | Gauntlet | Found a transporter.
  8786 | Gauntlet | Found a transporter.
  8786 | Gauntlet | Noticed a green ugly thing
  8788 | Gauntlet | Noticed a glowing orange brain
  8788 | Gauntlet | Noticed a brown ugly thing
  8794 | Gauntlet | Found a transporter.
  8795 | Gauntlet | Found a transporter.
  9002 | Gauntlet | Identified the ring of the Rose {+Blink rC+ EV+5 Str+3}
  9020 | Gauntlet | Killed a sixfirhy
  9069 | Gauntlet | Killed a brown ugly thing
  9074 | Gauntlet | Killed a green ugly thing
  9084 | Gauntlet | Killed a glowing orange brain
  9192 | Gauntlet | Noticed a minotaur
  9204 | Gauntlet | Killed a minotaur
  9520 | D:11     | Noticed a boulder beetle
  9531 | D:11     | Killed a boulder beetle
  9532 | D:11     | Reached XP level 12. HP: 106/112 MP: 11/11
  9862 | D:11     | Noticed a boulder beetle
  9874 | D:11     | Killed a boulder beetle
 10197 | D:12     | Noticed a two-headed ogre
 10200 | D:12     | Noticed a two-headed ogre
 10204 | D:12     | Killed a two-headed ogre
 10208 | D:12     | Killed a two-headed ogre
 10231 | D:12     | Noticed a boulder beetle
 10267 | D:12     | Killed a boulder beetle
 10380 | D:12     | Found a staircase to the Orcish Mines.
 10454 | D:12     | Reached XP level 13. HP: 123/123 MP: 12/12
 11376 | D:13     | Reached skill level 1 in Shields
 11643 | D:13     | Reached XP level 14. HP: 133/133 MP: 13/13
 12471 | Lair:1   | Entered Level 1 of the Lair of Beasts
 12495 | Lair:1   | Identified a scroll of acquirement
 12495 | Lair:1   | Acquired a manual of Fighting
 12535 | Lair:1   | You fall into a shaft and drop 1 floor!
 12597 | Lair:1   | Found a stormy altar of Qazlal.
 12608 | Lair:1   | Identified the +1 cloak of Taocim {Will++ Regen+ MP-9 SInv}
 12908 | Lair:1   | Reached skill level 15 in Fighting
 13276 | Lair:2   | Reached skill level 15 in Axes
 13447 | Lair:2   | Found a hole to the Spider Nest.
 13479 | Lair:2   | Noticed Erica
 13495 | Lair:2   | Killed Erica
 14063 | Lair:3   | Reached skill level 5 in Shields
 14071 | Lair:3   | Noticed Snorg
 14089 | Lair:3   | Killed Snorg
 14090 | Lair:3   | Reached skill level 15 in Armour
 14270 | Lair:3   | Found a staircase to the Swamp.
 14340 | Lair:3   | Noticed Josephine
 14352 | Lair:3   | Killed Josephine
 15081 | Lair:4   | Found a staircase to the Slime Pits.
 15854 | Lair:4   | Identified the amulet of Meixt {Spirit Int+2}
 15917 | Lair:5   | Entered Level 5 of the Lair of Beasts
 15936 | Lair:5   | Reached XP level 15. HP: 145/145 MP: 5/14
 16555 | Lair:5   | Identified the +6 sling "Transmigrator" {elec, Will+ Int-2
                  | Dex+5}
 16775 | Lair:5   | Reached skill level 1 in Ranged Weapons
 17417 | Orc:1    | Entered Level 1 of the Orcish Mines
 17424 | Orc:1    | Received a gift from Trog
 17569 | Orc:2    | Entered Level 2 of the Orcish Mines
 17576 | Orc:2    | Noticed Azrael
 17595 | Orc:2    | Killed Azrael
 17670 | Orc:2    | Found Zoukell's Magic Scroll Shoppe.
 17675 | Orc:2    | Found a staircase to the Elven Halls.
 17699 | Orc:2    | Found a frozen archway.
 17724 | IceCv    | Entered an ice cave
 18060 | Orc:2    | Reached skill level 15 in Dodging
 18441 | Orc:2    | Found Vixawn's General Store.
 18442 | Orc:2    | Found Gorch's Jewellery Emporium.
 18444 | Orc:2    | Found Rorphimyff's Antique Armour Shoppe.
 18444 | Orc:2    | Found Foommoty's Antique Weapon Shoppe.
 18460 | Orc:2    | Bought the +18 shield of the Gong {Loud rN+ Will+ rCorr
                  | EV-5} for 2972 gold pieces
 18460 | Orc:2    | Found the +18 shield of the Gong {Loud rN+ Will+ rCorr
                  | EV-5}
 18610 | Orc:2    | Noticed Erolcha
 18627 | Orc:2    | Killed Erolcha
 19009 | Orc:1    | Noticed Sonja
 19022 | Orc:1    | Killed Sonja
 19448 | D:14     | Noticed Nessos
 19489 | D:14     | Reached XP level 16. HP: 159/159 MP: 6/15
 19559 | D:14     | Killed Nessos
 19780 | D:14     | Found a gate to the Vaults.
 20383 | D:14     | Acquired a manual of Axes
 20417 | D:15     | Entered Level 15 of the Dungeon
 20762 | D:15     | Reached skill level 5 in Ranged Weapons
 20826 | D:15     | Reached skill level 10 in Shields
 21086 | D:15     | Found a staircase to the Depths.
 21397 | Swamp:1  | Entered Level 1 of the Swamp
 22254 | Swamp:2  | Noticed a tentacled monstrosity
 22264 | Swamp:2  | Killed a tentacled monstrosity
 22275 | Swamp:2  | Reached XP level 17. HP: 170/170 MP: 7/16
 23153 | Swamp:3  | Reached ****** piety under Trog
 23817 | Swamp:4  | Entered Level 4 of the Swamp
 23835 | Swamp:4  | Noticed Kirke
 23958 | Swamp:4  | Killed Kirke
 24118 | Swamp:4  | Received a gift from Trog
 24623 | Swamp:4  | Got a decaying rune of Zot
 25462 | Spider:1 | Entered Level 1 of the Spider Nest
 25495 | Spider:1 | Noticed Jorgrun
 25550 | Spider:1 | Noticed Donald
 25565 | Spider:1 | Killed Jorgrun
 25572 | Spider:1 | Killed Donald
 25665 | Spider:1 | Reached XP level 18. HP: 182/182 MP: 8/17
 25775 | Spider:1 | Noticed Roxanne
 25797 | Spider:1 | Killed Roxanne
 25822 | Spider:1 | Received a gift from Trog
 25883 | Spider:1 | Noticed Louise
 25891 | Spider:1 | Killed Louise
 27950 | Spider:3 | Noticed Arachne
 27955 | Spider:3 | Received a gift from Trog
 27967 | Spider:3 | Killed Arachne
 28598 | Spider:4 | Entered Level 4 of the Spider Nest
 28598 | Spider:4 | Found a transporter.
 28621 | Spider:4 | Noticed ryxuma's ghost (journeyman MiBe)
 28814 | Spider:4 | Found a transporter.
 28827 | Spider:4 | Reached skill level 10 in Ranged Weapons
 29041 | Spider:4 | Killed ryxuma's ghost
 29110 | Spider:4 | Gained mutation: Your body sometimes deteriorates upon
                  | taking damage. [mutagenic glow]
 29355 | Spider:4 | Paralysed by a jorogumo for 1 turns
 29629 | Spider:4 | Reached XP level 19. HP: 191/191 MP: 9/18
 29728 | Spider:4 | Got a gossamer rune of Zot
 30178 | Vaults:1 | Entered Level 1 of the Vaults
 30290 | Vaults:1 | Identified the +1 robe "Qecog" {+Inv Str-4 Archmagi}
 30391 | Vaults:1 | Received a gift from Trog
 31223 | Vaults:1 | Received a gift from Trog
 31711 | Vaults:2 | Reached XP level 20. HP: 174/202 MP: 10/19
 31712 | Vaults:2 | Reached skill level 15 in Shields
 31920 | Vaults:2 | Noticed Mennas
 31956 | Vaults:2 | Killed Mennas
 32017 | Vaults:2 | Received a gift from Trog
 32043 | Vaults:2 | Found Sehupp's Distillery.
 32191 | Vaults:2 | Found a flickering gateway to a bazaar.
 32202 | Bazaar   | Entered a bazaar
 32202 | Bazaar   | Found Polymuo's Antique Armour Shoppe.
 32202 | Bazaar   | Found Gipuc's Antique Weapon Emporium.
 32204 | Bazaar   | Found Fokhloppeh's Antique Weapon Shoppe.
 32214 | Bazaar   | Bought a twisted war axe for 187 gold pieces
 32214 | Bazaar   | Identified the +6 war axe "Ruimad" {pain, rElec} (You
                  | bought it in a shop in a bazaar)
 32220 | Bazaar   | Found Nutorph's Antique Weapon Emporium.
 32576 | Vaults:2 | Identified the +0 scale mail of Iseul {rElec Will- Regen+
                  | rCorr}
 32718 | Vaults:3 | Noticed Sojobo
 32725 | Vaults:3 | Paralysed by an air elemental for 1 turns
 32805 | Vaults:2 | Paralysed by an air elemental for 1 turns
 32807 | Vaults:2 | Killed Sojobo
 33328 | Vaults:3 | Received a gift from Trog
 33351 | Vaults:3 | Found a staircase to the Crypt.
 34061 | Vaults:4 | Reached XP level 21. HP: 201/212 MP: 11/20
 34293 | Vaults:4 | Received a gift from Trog
 34333 | Vaults:4 | Found Usituot's Book Emporium.
 34955 | Vaults:5 | Entered Level 5 of the Vaults
 34977 | Vaults:5 | Noticed a golden dragon
 35410 | Elf:1    | Entered Level 1 of the Elven Halls
 35760 | Elf:1    | Received a gift from Trog
 35956 | Elf:1    | Identified the +10 plate armour "Tempijae" {Rampage +Inv
                  | Str+5}
 36283 | Elf:2    | Paralysed by an air elemental for 1 turns
 36314 | Elf:2    | Noticed Saint Roka
 36327 | Elf:2    | Paralysed by an air elemental for 1 turns
 36333 | Elf:1    | Paralysed by an air elemental for 1 turns
 36482 | Elf:2    | Killed Saint Roka
 36483 | Elf:2    | Identified the +1 rapier of Xutioho {heavy, rN+}
 36571 | Elf:2    | Found a runed translucent gate.
 36574 | Elf:2    | Found a runed translucent gate.
 36574 | Elf:2    | Found a runed translucent gate.
 37452 | Elf:3    | Entered Level 3 of the Elven Halls
 37469 | Elf:3    | Paralysed by an air elemental for 1 turns
 37537 | Elf:3    | Received a gift from Trog
 37736 | Elf:3    | Reached XP level 22. HP: 223/223 MP: 12/21
 37796 | Elf:3    | Found Udeaski's Jewellery Shop.
 38228 | Elf:3    | Paralysed by an air elemental for 1 turns
 38423 | Elf:3    | Paralysed by an air elemental for 1 turns
 38474 | Elf:3    | Identified the +2 spear of Waottots {spect, *Rage rElec rF+
                  | Will+}
 38474 | Elf:3    | Identified the ring of the Barracuda {rElec rPois rC+ Str+3
                  | Dex+3}
 38544 | Elf:3    | Identified the +3 leather armour of Melancholy {rPois
                  | Str+2}
 38544 | Elf:3    | Identified the ring "Puachobb" {rPois rC+ Int-4 Slay+2}
 38555 | Elf:3    | Received a gift from Trog
 39095 | Elf:3    | Identified the ring of Ynexka {rPois Dex+3}
 39455 | Elf:3    | Identified the ring of Propriety {Fire rPois}
 39638 | Elf:3    | Identified the +6 plate armour "Zoc Fimo" {rN++}
 39670 | Elf:3    | Identified the +11 executioner's axe of Terra Nullius
                  | {heavy, Str+2}
 40173 | Vaults:5 | Noticed a dread lich
 40180 | Vaults:4 | Killed a golden dragon
 40323 | Vaults:4 | Killed a dread lich
 40368 | Vaults:5 | Noticed a golden dragon
 40374 | Vaults:5 | Killed a golden dragon
 40387 | Vaults:5 | Received a gift from Trog
 40397 | Vaults:5 | Identified the +2 robe "Ymnen" {rF+}
 40554 | Vaults:5 | Reached XP level 23. HP: 168/234 MP: 8/22
 40798 | Vaults:5 | Noticed an ancient lich
 40804 | Vaults:5 | Killed an ancient lich
 40814 | Vaults:5 | Received a gift from Trog
 40936 | Vaults:5 | Noticed a dread lich
 40951 | Vaults:5 | Killed a dread lich
 41045 | Vaults:5 | Found Telilofi's Magic Scroll Shoppe.
 41045 | Vaults:5 | Identified the +1 great sword of Perfectionism {holy, rElec
                  | rCorr}
 41045 | Vaults:5 | Identified the ring of Agnosticism {Fire rPois Str+3 Int-4
                  | Stlth+}
 41045 | Vaults:5 | Noticed a dread lich
 41054 | Vaults:5 | Killed a dread lich
 41250 | Vaults:5 | Identified the +0 hat of Autumn {rPois rF- rCorr Dex+2}
 41264 | Vaults:5 | Identified the staff of death "Laafoh" {rF+ rN+ Str-4 Int+2
                  | Dex+5}
 41449 | Vaults:5 | Found Plog's Book Shoppe.
 41611 | Vaults:5 | Identified the staff of cold "Lonad" {Drain rC+ rCorr Str+4
                  | Dex+3}
 41643 | Vaults:5 | Identified the amulet of Jaen Haule {Spirit Dex+3}
 41644 | Vaults:5 | Identified the +9 gold dragon scales of Leaves {rElec rPois
                  | rF+ rC+ Int+3}
 41662 | Vaults:5 | Identified the staff of conjuration "Azxueroe" {Fragile
                  | rElec Str+3 Int+2}
 41781 | Vaults:5 | Got a silver rune of Zot
 41990 | Vaults:5 | Found Plog's Book Shoppe.
 42105 | Vaults:5 | Found Telilofi's Magic Scroll Shoppe.
 42709 | Depths:1 | Entered Level 1 of the Depths
 42751 | Depths:1 | Found a gateway to Hell.
 43083 | Depths:1 | Received a gift from Trog
 43136 | Depths:1 | Found a one-way gateway to a ziggurat.
 43186 | Depths:1 | Noticed Imio's ghost (adept DgCj)
 43187 | Depths:1 | Found a runed translucent door.
 43274 | Depths:1 | Found a hazy altar of Hepliaklqana.
 43539 | Depths:1 | Found the +8 Wrath of Trog {antimagic, *Rage Rampage}
 43646 | Depths:1 | Killed Imio's ghost
 43908 | Depths:2 | Found a one-way gate leading to the halls of Pandemonium.
 43976 | Depths:2 | Paralysed by a floating eye for 4 turns
 43999 | Depths:2 | Paralysed by a floating eye for 3 turns
 44006 | Depths:2 | Paralysed by a floating eye for 3 turns
 44041 | Depths:2 | Found a runed translucent door.
 44047 | Depths:2 | Found a runed translucent door.
 44058 | Depths:2 | Found a runed translucent door.
 44061 | Depths:2 | Found a runed translucent door.
 44145 | Depths:2 | Identified the amulet of Ezahy {Spirit Str+2 Stlth+}
 44147 | Depths:2 | Identified the ring "Zyaniguc" {*Slow rF+ rN+ rCorr}
 44157 | Depths:2 | Identified the +7 falchion "Fimm" {heavy, rPois Str+4
                  | Stlth-}
 44331 | Depths:2 | Identified the +7 plate armour of Damonec {rPois}
 44488 | Depths:3 | Noticed Qymiext's ghost (adept MiFi)
 44490 | Depths:3 | Noticed Vv
 44493 | Depths:3 | Found a runed translucent gate.
 44493 | Depths:3 | Found a runed translucent gate.
 44493 | Depths:3 | Found a runed translucent gate.
 44510 | Depths:3 | Killed Vv
 44601 | Depths:3 | Noticed a caustic shrike
 44612 | Depths:3 | Killed a caustic shrike
 44757 | Depths:3 | Received a gift from Trog
 44758 | Depths:3 | Reached XP level 24. HP: 241/245 MP: 13/22
 44769 | Depths:3 | Paralysed by a floating eye for 4 turns
 44774 | Depths:3 | Killed Qymiext's ghost
 44785 | Depths:3 | Identified the ring "Appihu" {Contam rN++ SInv}
 44786 | Depths:3 | Identified the staff of poison "Qaxierug" {rPois MP+9 SInv}
 44789 | Depths:3 | Identified the +6 great mace of Dosoi {flame, SInv}
 44962 | Depths:3 | Noticed a juggernaut
 44977 | Depths:3 | Killed a juggernaut
 45321 | Depths:3 | Found a one-way gate to the infinite horrors of the Abyss.
 45626 | Depths:3 | Identified the +0 ring mail of Patterns {Str-4 Int+3 Dex+3}
 45764 | Depths:4 | Entered Level 4 of the Depths
 45794 | Depths:4 | Found a gateway to a bazaar.
 45907 | Depths:4 | Received a gift from Trog
 45918 | Depths:4 | Paralysed by a floating eye for 2 turns
 46055 | Depths:4 | Found Luepp's Assorted Antiques.
 46178 | Depths:4 | Found a corrupted altar of Lugonu.
 46205 | Depths:4 | Found Costipp's Antique Weapon Boutique.
 46335 | Depths:4 | Found a gate to the Realm of Zot.
 46513 | Depths:4 | Found Tetaj's Antique Armour Shoppe.
 46569 | Depths:4 | Found Weerchiv's Antique Armour Shoppe.
 46765 | Crypt:1  | Entered Level 1 of the Crypt
 46765 | Crypt:1  | Noticed Boris
 46777 | Crypt:1  | Killed Boris
 46836 | Crypt:1  | Received a gift from Trog
 46890 | Crypt:1  | Found a runed translucent gate.
 46890 | Crypt:1  | Found a runed translucent gate.
 46890 | Crypt:1  | Found an ancient bone altar of Kikubaaqudgha.
 46890 | Crypt:1  | Found a runed translucent gate.
 46890 | Crypt:1  | Noticed an ancient lich
 46890 | Crypt:1  | Noticed Ulecsuczon's ghost (veteran MiGl)
 46890 | Crypt:1  | Noticed a dread lich
 47353 | Crypt:1  | Killed an ancient lich
 47354 | Crypt:1  | Killed a dread lich
 47378 | Crypt:1  | Killed Ulecsuczon's ghost
 47384 | Crypt:1  | Identified the +2 pair of boots "Tuylebis" {rC+ Dex+6
                  | Stlth-}
 47406 | Crypt:1  | Identified the ring of Zomuir {Fire Fly rElec Str-3}
 47569 | Crypt:2  | Noticed Bai Suzhen
 47577 | Crypt:2  | Noticed Jory
 47590 | Crypt:2  | Killed Bai Suzhen
 47592 | Crypt:2  | Received a gift from Trog
 47602 | Crypt:2  | Killed Jory
 47610 | Crypt:2  | Reached XP level 25. HP: 245/255 MP: 13/22
 48259 | Crypt:3  | Entered Level 3 of the Crypt
 48391 | Crypt:3  | Noticed a dread lich
 48398 | Crypt:3  | Killed a dread lich
 48459 | Crypt:3  | Identified the +7 rapier "Xenaiwk" {venom, *Corrode +Blink
                  | Dex+5 Stlth+}
 48539 | Crypt:3  | Found a staircase to the Tomb.
 48674 | Crypt:3  | Received a gift from Trog
 48825 | Crypt:3  | Reached skill level 27 in Fighting
 48836 | Crypt:3  | Identified the ring "Horghum" {rN+ Dex+2}
 48856 | Crypt:3  | Reached skill level 27 in Axes
 48908 | Crypt:3  | Noticed a dread lich
 48910 | Crypt:3  | Killed a dread lich
 49117 | Crypt:3  | Identified the +1 short sword of War {pain, rPois MP+9
                  | Str+3 Stlth-}
 49143 | Crypt:3  | Identified the ring of Yfipoun {rN+ Str+3 Dex-4 Slay+2}
 49407 | Crypt:3  | Identified the +6 fire dragon scales of Wajuesygg {rF++ rC-
                  | Regen+ Stlth+}
 49418 | Crypt:3  | Identified the +4 dagger of Cheibriados's Delight
                  | {antimagic, Dex+2}
 49420 | Crypt:3  | Identified the +0 leather armour of Gravity {Rampage rN++
                  | Str-3 Stlth+}
 49474 | Tomb:1   | Entered Level 1 of the Tomb of the Ancients
 49552 | Tomb:1   | Received a gift from Trog
 49618 | Tomb:1   | Found the sphere of Battle
 49645 | Tomb:1   | Noticed a royal mummy
 49656 | Tomb:1   | Noticed a royal mummy
 49658 | Tomb:1   | Killed a royal mummy
 49667 | Tomb:1   | Gained mutation: You are dopey. (Int -2) [a neqoxec]
 49668 | Tomb:1   | Gained mutation: Your magical capacity is low. (-10% MP) [a
                  | neqoxec]
 49891 | Tomb:1   | Noticed a royal mummy
 49900 | Tomb:1   | Noticed a royal mummy
 49902 | Tomb:1   | Killed a royal mummy
 49905 | Tomb:1   | Received a gift from Trog
 49906 | Tomb:1   | HP: 14/385 [??? (8)]
 49910 | Tomb:1   | Killed from afar by a royal mummy

Illustrated notes

Levels and vault maps discovered:
D:1:      minmay_arrival_wavy_path, layout_basic, minmay_pentomino_u4
D:2:      layout_basic, grunt_decor_junction
D:3:      layout_basic, mainiacjoe_overflow_tiny_flanked
D:4:      lemuel_castle_with_subvaults [lemuel_castle_interior_carwin_2],
          layout_loops_ring, minmay_temple_entry_gardened_gates,
          minmay_liquid_box
D:5:      layout_basic, minmay_misc_feat_square, kennysheep_crisscross,
          kennysheep_generic_room_13
D:6:      dreamdust_elfheim, layout_basic, mainiacjoe_overflow_six_doors_small
D:7:      layout_gridville, enter_bailey_5
D:8:      cheibrodos_steamvent, layout_cave_pools,
          gammafunk_temple_overflow_pools, kennysheep_little_box, serial_shops,
          nicolae_shop_tiny_statue_garden, serial_column_ruins,
          column_ruins_hut, column_ruins_courtyard_long_water,
          column_ruins_open_medium, column_ruins_grid_1,
          column_ruins_corridor_straight
D:9:      layout_stronghold, minmay_misc_feat_cross, uniq_maurice, uniq_amaemon,
          uniq_harold
D:10:     layout_layer_cave, david_lair_generic
D:11:     layout_small_grid, special_room [special_room_orc],
          gauntlet_entry_generic, hangedman_decor_peaks_small,
          kennysheep_generic_room_3
D:12:     nzn_winding_woodlands_small [nzn_winding_woodlands_5x15_twine,
          nzn_winding_woodlands_center_garden,
          nzn_winding_woodlands_5x15_default], layout_loops_ring, orc_0_dummy,
          serial_undead, serial_undead_a, serial_undead_f, serial_undead_d,
          serial_undead_a, serial_bayou_pond_a
D:13:     minmay_slanted_spiral_squares, layout_loops_ring
D:14:     nzn_motion_control, layout_basic, skrybe_vaults_entry_preservation,
          nicolae_figureground_pulse, uniq_nessos
D:15:     grunt_enter_depths_snipers, layout_gridville, nrook_campfire
Lair:1:   layout_concentric_octagons, basic_altar, lemuel_old_faithful
Lair:2:   layout_loops_ring, spider_nest_entry_a, grunt_megastairs_4,
          serial_bayou_shore_b, infiniplex_staircase_pool, serial_bayou_shore_a,
          uniq_erica
Lair:3:   layout_misc_corridors, nicolae_swamp_entry_spooky, uniq_snorg,
          uniq_josephine
Lair:4:   statuecave_lemuel, layout_layer_cave, slime_entry_1, roderic_batcave
Lair:5:   evilmike_catoblepas_cave, layout_concentric_octagons
Swamp:1:  layout_falls_marsh, nicolae_swamp_oxbows
Swamp:2:  layout_basic_swamp, nicolae_swamp_triple_paths
Swamp:3:  layout_basic_swamp, evilmike_swamp_ruin_house_5, swamp_pool4,
          nicolae_swamp_bloodsuckers_inc, infiniplex_staircase_pool_2
Swamp:4:  swamp_icy, layout_basic_swamp, swamp_pool4, nicolae_swamp_drake_lake,
          uniq_kirke
Spider:1: layout_chambers, nicolae_spider_jagged_tunnels, uniq_donald,
          uniq_jorgrun, uniq_roxanne, uniq_louise
Spider:2: layout_spider_delve
Spider:3: layout_spider_delve, uniq_arachne
Spider:4: spider_rune_water, nzn_ghost_randoct
Orc:1:    layout_caves, uniq_sonja
Orc:2:    st_orc_congregation, layout_caves, portal_ice_cave_demonic_guard,
          serial_shops, nicolae_shop_statue_plus, minmay_orc_temple_b,
          uniq_erolcha, uniq_azrael
Elf:1:    layout_geoelf_grid, minivault_28, st_stairs_5,
          nicolae_twisting_strands, amcnicky_mini_rare_corridor_liquid,
          hex_large, minmay_misc_feat_columns
Elf:2:    elven_hall_of_blades_hangedman_original [mumra_blade_entry_bloodbath],
          layout_onion_city, palyth_stone_intersect, minivault_16,
          uniq_saint_roka
Elf:3:    minmay_elf_hall_hex, layout_geoelf_grid, serial_shops,
          nicolae_shop_tiny_real_fake_doors, hangedman_elven_pyramids
Vaults:1: nicolae_vaults_network_star, vaults_dpeg_encased_lava,
          vaults_room_glass_cross, v_misc_31, nicolae_vaults_wrenched,
          nicolae_vaults_ninety_degrees, vaults_room_fours,
          nicolae_vaults_triangles, ontoclasm_vaults_loading_screen,
          nicolae_vaults_little_squares_5, vaults_room_grid,
          hangedman_vaults_stretched_pinwheel, v_misc_15,
          nicolae_vaults_tetromino_Z_2, serial_ice_m, layout_vaults_omnibox
Vaults:2: ontoclasm_vaults_gateway, nicolae_vaults_tetromino_Z_1,
          nicolae_vaults_disjoint_gnomons, v_pattern_3,
          nicolae_vaults_more_shelving_2, nicolae_vaults_border_crossing,
          nicolae_vaults_weapon_check, nicolae_vaults_closet_pinwheel_6,
          nicolae_vaults_storage_room_statues, nicolae_vaults_trapezoid_4,
          grunt_vaults_hallway_long, nicolae_vaults_trapezoid_4,
          nicolae_vaults_gold_heap, nicolae_vaults_variable_pillar_hall_cross,
          layout_vaults_maze, serial_shops, bzr_firewalk, shop, uniq_mennas
Vaults:3: minmay_crypt_entry_vampire_xt, ontoclasm_vaults_loading_screen,
          st_hourglassy, nicolae_vaults_trapezoid_2,
          nicolae_vaults_trapezoid_lopsided_1, hangedman_vaults_variations,
          nicolae_vaults_apartment_1, layout_vaults_big_room, uniq_sojobo
Vaults:4: nicolae_vaults_tangram_1, ontoclasm_vaults_ligature, v_misc_3,
          hangedman_vaults_river_flow, nicolae_vaults_surprise_closet,
          hangedman_vaults_nails, nicolae_vaults_quartermaster,
          nicolae_vaults_variable_pillar_hall, nicolae_vaults_trapezoid_2,
          nicolae_vaults_trapezoid_layered, ontoclasm_vaults_loading_screen,
          v_alt_pattern_2, vaults_room_mumra_shop_pool,
          nicolae_vaults_trapezoid_lopsided_1, layout_vaults_ring
Vaults:5: serial_shops
Crypt:1:  layout_rooms, gammafunk_ghost_crypt, uniq_boris
Crypt:2:  layout_misc_corridors, uniq_bai_suzhen, uniq_josephina, uniq_jory
Crypt:3:  due_elkab, layout_chaotic_city, nicolae_fountain_basement
Tomb:1
Depths:1: layout_gridlike, enter_ziggurat_f, hell_entry,
          nzn_hepliaklqana_mist_gate, ebering_ghost_inner_flame, minivault_22,
          serial_bayou_pond_a, kennysheep_another_room,
          minmay_guarded_unrand_wrath_of_trog, kennysheep_random_hallway
Depths:2: impenetrable_vault, layout_cave_pools, hell_entry, pan_entry
Depths:3: minmay_swirls_squares, layout_twisted_cross, hell_entry,
          gammafunk_ghost_split, abyss_entry_glasseish, minivault_11,
          serial_co_window_serial, co_window_paths_a, co_window_paths_b,
          co_window_paths_a, co_window_of_opportunity_a, co_window_corner_a,
          co_window_cross_2, co_window_paths_c, co_window_corner_cb,
          co_window_unsneaky_path_c, co_window_corner_b, glass_columns_c,
          glass_columns_c, glass_columns_a, glass_columns_b, uniq_vv
Depths:4: grunt_zot_entry_bicorn, layout_cave_pools, abyss_entry_flame_altar,
          serial_shops, statue_bzr, nicolae_shop_advertising_works
          [nicolae_subvault_shop_adworks], nicolae_shop_tiny_waterfront,
          nicolae_shop_pleasant_corner_grove, nicolae_shop_peninsula,
          hell_entry, grunt_pan_entry_zigzag

Skill      XL: |  1  2  3  4  5  6  7  8  9 10 11 12 13 14 15 16 17 18 19 20 21 22 23 24 25 |
---------------+----------------------------------------------------------------------------+-----
Fighting       | 4 5 6 7 9 10 12 13 14 16 18 19 21 22 23 24 25 26 27 | 27.0
Axes           | 4 5 6 8 9 10 12 13 14 15 16 18 19 21 22 23 24 25 26 27 | 27.0
Armour         | 3 4 6 7 9 10 12 13 14 15 16 17 18 19 20 21 22 23 24 25 | 25.2
Dodging        | 3 4 5 6 8 9 11 12 13 14 15 16 17 18 19 20 21 22 23 | 23.4
Shields        | 1 6 9 11 12 13 14 16 17 18 19 20 21 | 21.9
Ranged Weapons | 4 6 8 10 11 13 14 | 14.0

Action                     |  1- 3 |  4- 6 |  7- 9 | 10-12 | 13-15 | 16-18 | 19-21 | 22-24 | 25-27 || total
---------------------------+-------+-------+-------+-------+-------+-------+-------+-------+-------++-------
  Melee: Hand axe          |    76 |       |       |    13 |   927 |   285 |       |       |       ||  1301
         Headbutt          |    10 |    14 |    34 |    82 |   276 |   410 |   414 |   403 |   125 ||  1768
         War axe           |       |   113 |   227 |   344 |   175 |   931 |       |       |       ||  1790
         Punch             |       |     1 |     4 |     6 |       |       |       |       |       ||    11
         Broad axe         |       |       |       |       |       |   267 |  1380 |   167 |       ||  1814
         Labrys            |       |       |       |       |       |       |       |  1195 |   364 ||  1559
   Fire: Sling             |       |       |       |       |    24 |   166 |       |       |       ||   190
  Throw: Boomerang         |       |       |    10 |       |    13 |     7 |       |       |       ||    30
         Throwing net      |       |       |     2 |       |       |       |       |       |       ||     2
         Dart              |       |       |     1 |       |       |     7 |       |       |       ||     8
 Invoke: Berserk           |       |     2 |     3 |    12 |    23 |    21 |    12 |     8 |     2 ||    83
         Trog's Hand       |       |       |     3 |     2 |     7 |     7 |     9 |     3 |     2 ||    33
         Brothers in Arms  |       |       |     2 |     2 |     8 |     8 |     9 |     5 |     2 ||    36
  Evoke: Wand              |       |       |       |       |       |       |       |     1 |       ||     1
    Use: Scroll            |       |       |     9 |    13 |    11 |     3 |     4 |     1 |     2 ||    43
         Potion            |       |       |       |     1 |     1 |     1 |       |       |       ||     3
   Stab: Distracted        |       |       |       |       |     2 |     1 |     1 |     2 |       ||     6
         Petrified         |       |       |       |       |     2 |       |       |       |       ||     2
         Petrifying        |       |       |       |       |     1 |       |       |       |       ||     1
 Armour: Animal skin       |     6 |       |       |       |       |       |       |       |       ||     6
         Ring mail         |    21 |    50 |    14 |       |       |       |       |       |       ||    85
         Chain mail        |       |       |    73 |       |       |       |       |       |       ||    73
         Plate armour      |       |       |    42 |   186 |   484 |   465 |   339 |   158 |       ||  1674
         Gold dragon scale |       |       |       |       |       |       |       |   197 |    53 ||   250
  Dodge: Dodged            |    45 |    63 |   143 |   176 |   693 |   463 |   326 |   240 |    62 ||  2211
  Block: Kite shield       |       |       |       |       |   486 |  2051 |  1530 |  1490 |   373 ||  5930
         Reflection        |       |       |       |       |       |       |       |    32 |     2 ||    34
